 Dungeon Crawl Stone Soup version 0.31-a0-692-gf03d1854d5 (webtiles) character file.

Game seed: 7123375677191024666

34707 qw the Marksgargoyle (level 13, -2/84 HPs)
             Began as a Gargoyle Hunter on Sept 6, 2023.
             Was an Elder of Okawaru.
             Slain by a large abomination (21 damage)
             ... on level 5 of the Lair of Beasts.
             The game lasted 00:06:47 (13716 turns).

qw the Marksgargoyle (Gargoyle Hunter)             Turns: 13716, Time: 00:06:47

Health: -2/84      AC: 23    Str: 17    XL:     13   Next: 79%
Magic:  19/20      EV: 23    Int:  9    God:    Okawaru [****..]
Gold:   878        SH:  5    Dex: 17    Spells: 12/12 levels left

rFire   . . .        Y - +2 arbalest
rCold   . . .        (shield currently unavailable)
rNeg    + . .        p - +3 leather armour {Will+}
rPois   inf          a - +0 helmet
rElec   +            t - +1 cloak
rCorr   .            n - +1 pair of gloves
SInv    .            (no boots)
Will    ++...        s - amulet of reflection
Stlth   +++          o - +5 ring of evasion
HPRegen 0.34/turn    l - ring of willpower
MPRegen 0.17/turn

%: reflection
@: heroic
A: sickness immunity, AC +9, negative energy resistance 1, electricity
resistance, torment resistance 1, petrification resistance
a: Renounce Religion, Heroism, Finesse


You were on level 5 of the Lair of Beasts.
You worshipped Okawaru.
Okawaru was greatly pleased with you.
You visited 3 branches of the dungeon, and saw 15 of its levels.

You collected 941 gold pieces.
You spent 63 gold pieces at shops.


Innate Abilities, Weirdness & Mutations

You are immune to sickness and miasma.
Your stone body is resilient. (AC +9)
You are immune to poison.
You resist negative energy. (rN+)
You are resistant to electric shocks. (rElec)
You are resistant to unholy torment.
You are immune to petrification.


   Skills:
 - Level 11.0(16.0) Fighting
 + Level 17.6(22.6) Ranged Weapons
 - Level 4.2(9.2) Armour
 - Level 6.0(11.0) Dodging
 - Level 1.1(6.1) Stealth
 - Level 10.0 Invocations


You had 12 spell levels left.
You didn't know any spells.
Your spell library was empty.

Inventory:

Hand Weapons
 Y - a +2 arbalest (weapon)
Armour
 a - a +0 helmet (worn)
 f - a +2 robe of cold resistance
 n - a +1 pair of gloves (worn)
 p - a +3 leather armour of willpower (worn)
 r - a +2 leather armour of fire resistance
 t - a +1 cloak (worn)
Jewellery
 c - a +6 ring of strength
 l - a ring of willpower (right hand)
 o - a +5 ring of evasion (left hand)
 s - an amulet of reflection (around neck)
Scrolls
 b - 4 scrolls of teleportation
 h - a scroll of identify
Potions
 d - a potion of enlightenment
 e - a potion of haste
 g - 2 potions of might
 i - a potion of heal wounds
 k - 5 potions of curing
 m - a potion of cancellation
 q - 2 potions of mutation
 u - a potion of magic
 v - a potion of resistance {unknown}

Dungeon Overview and Level Annotations

Branches:
Dungeon (9/15)             Temple (1/1) D:7            Lair (5/5) D:9
 Shoals (0/4) Lair:2       Spider (0/4) Lair:2        Slime (0/5) Lair:5
    Orc (0/2) D:9

Altars:
Ashenzari
Cheibriados
Dithmenos
Elyvilon
Fedhas
Gozag
Hepliaklqana
Kikubaaqudgha
Makhleb
Nemelex Xobeh
Okawaru
Qazlal
Ru
Sif Muna
Trog
Uskayaw
Vehumet
Wu Jian
Xom
Yredelemnul
Zin
The Shining One

Shops:
D:4 [([(

Annotations:
D:4 3 runed translucent doors, qw's ghost, amateur GrHu
D:7 2 transporters, qw's ghost, novice MiHs
Lair:3 exclusion: lindwurm


Message History

The snapping turtle barely misses you.
You shoot a bolt. The bolt hits the snapping turtle!
The snapping turtle is heavily wounded.
A nearby fungus withers and dies.
A yak comes into view.
The snapping turtle barely misses you.
You shoot a bolt.
The bolt hits the snapping turtle but does no damage.
The snapping turtle is heavily wounded.
The snapping turtle bites you!!
13709 ||| INVOKING Heroism.
You gain the combat prowess of a mighty hero.
The yak gores you. The snapping turtle misses you.
The large abomination hits the fungus!
The fungus begins to die.
You shoot a bolt. The bolt hits the yak!
The yak is almost dead.
You block the yak's attack. The snapping turtle misses you.
You shoot a bolt. The bolt hits the yak!!
You kill the yak!
Okawaru accepts your kill. The snapping turtle bites you!!
You shoot a bolt. The bolt hits the snapping turtle!
The snapping turtle is heavily wounded.
The snapping turtle completely misses you.
The large abomination completely misses you.
You shoot a bolt.
The bolt hits the snapping turtle but does no damage.
The snapping turtle is heavily wounded.
The yak gores the fungus!
The snapping turtle closely misses you.
You shoot a bolt. The bolt hits the snapping turtle.
The snapping turtle is heavily wounded.
A nearby fungus withers and dies.
The large abomination misses you. The snapping turtle closely misses you.
You shoot a bolt. The bolt hits the snapping turtle.
The snapping turtle is heavily wounded.
The large abomination misses you. The snapping turtle closely misses you.
You shoot a bolt. The bolt hits the snapping turtle.
The snapping turtle is severely wounded.
The snapping turtle bites you! The large abomination hits you!!
You die...

..77 7..77 77777...7
#..#7..7 ##.....7777
77
#.........##..777.
#..YY.....##.....
#[YtX##.........
#...#@##........#
..Y.).<###...P#.<..#
....#### ##...##.#.#
#### #....#...#
#........###
##.....>...#
#..#.....##
##.......## ###
#........P#


You could see a snapping turtle shaped shifter, a large abomination and 3 yaks.

Vanquished Creatures
  2 hydras (Lair:4)
  4 death yaks (Lair:4)
  2 boulder beetles
  Amaemon (Lair:1)
  Pikel (D:5)
  2 lindwurms (Lair:3)
  9 elephants
  A merfolk siren (Lair:4)
  4 black mambas
  An orange demon (Lair:1)
  A torpor snail (Lair:4)
  Maggie (D:6)
  2 cane toads
  2 rime drakes
  7 komodo dragons
  3 hornets
  3 merfolk (Lair:2)
  3 polar bears
  Prince Ribbit (D:6)
  11 dream sheep (Lair:4)
  21 blink frogs
  A spriggan (Lair:2)
  A shadow (D:9)
  2 wyverns
  Eustachio (D:6)
  25 yaks
  2 basilisks
  2 chaos spawn (D:9)
  A steam dragon (D:7)
  13 water moccasins
  An ice beast (D:7)
  A sky beast (D:7)
  An orc warrior (D:8)
  A black bear (Lair:1)
  2 centaurs
  27 wolves
  2 phantoms (D:6)
  14 bullfrogs
  3 kobold brigands
  A gnoll sergeant (D:9)
  4 wights (D:9)
  3 howler monkeys
  2 small abominations (Lair:5)
  9 orc priests
  3 hounds
  2 jellies
  2 iguanas (D:5)
  3 orc wizards
  2 sleepcaps
  4 hell rats (Lair:4)
  9 gnolls
  10 adders
  A shadow imp (D:7)
  3 worms (D:3)
  4 dart slugs
  30 orcs
  6 ball pythons
  8 bats
  5 endoplasms
  5 goblins
  6 hobgoblins
  2 jackals (D:2)
  11 kobolds
  3 quokkas (D:1)
  A frilled lizard (D:3)
  4 rats
325 creatures vanquished.

Notes
Turn   | Place    | Note
-------+----------+-------------------------------------------
     0 | D:1      | qw the Gargoyle Hunter began the quest for the Orb.
     0 | D:1      | Reached XP level 1. HP: 12/12 MP: 1/1
     0 | D:1      | 0 ||| qw: Version: 0.3-a-76-g4403597
     0 | D:1      | 0 ||| qw: Game counter: 48
     0 | D:1      | 0 ||| qw: Melee chars always use a shield: true
     0 | D:1      | 0 ||| qw: God list: Okawaru
     0 | D:1      | 0 ||| qw: Allow faded altars: false
     0 | D:1      | 0 ||| qw: Do Orc after clearing Dungeon:15 true
     0 | D:1      | 0 ||| qw: Do second Lair branch before Depths: true
     0 | D:1      | 0 ||| qw: Lair rune preference: random
     0 | D:1      | 0 ||| qw: Goals: Normal
     0 | D:1      | 0 ||| PLANNING D:1-11
    74 | D:1      | Reached XP level 2. HP: 16/17 MP: 2/2
   310 | D:1      | Reached XP level 3. HP: 16/21 MP: 3/3
   320 | D:1      | Reached skill level 5 in Ranged Weapons
   895 | D:1      | 895 ||| UPGRADING to +0 ring mail.
   905 | D:1      | 905 ||| DROPPING +0 leather armour.
   906 | D:1      | 906 ||| READING scroll labelled YSO PODETUIPP.
   907 | D:1      | 907 ||| READING 2 scrolls labelled IGGO PIGYIRYH.
   908 | D:1      | 908 ||| READING scroll labelled OHOIZI TIET.
   912 | D:1      | 912 ||| READING scroll labelled DAVEINK NYTU.
   913 | D:1      | 913 ||| DROPPING scroll of butterflies.
  1071 | D:2      | Reached skill level 1 in Armour
  1097 | D:2      | Reached XP level 4. HP: 27/27 MP: 4/4
  1107 | D:2      | Found a radiant altar of Vehumet.
  1132 | D:2      | Reached skill level 3 in Fighting
  1722 | D:2      | 1722 ||| UPGRADING to +0 cloak.
  1727 | D:2      | 1727 ||| UPGRADING to +0 pair of gloves.
  1732 | D:2      | 1732 ||| UPGRADING to ring of willpower.
  1733 | D:2      | 1733 ||| READING scroll labelled YMPIOJ OLOCHAF.
  1734 | D:2      | 1734 ||| READING scroll labelled FEPSIU IH HAE.
  1735 | D:2      | 1735 ||| READING scroll labelled DAWKUZXEETH.
  1736 | D:2      | 1736 ||| READING scroll labelled MASHRI BAXIQE.
  1737 | D:2      | 1737 ||| DRINKING 2 glowing golden potions.
  1738 | D:2      | 1738 ||| DRINKING 2 lumpy pink potions.
  1739 | D:2      | 1739 ||| DROPPING potion of degeneration.
  1835 | D:3      | 1835 ||| Stepping ~*~*~tactically~*~*~ (water).
  1837 | D:3      | 1837 ||| Stepping ~*~*~tactically~*~*~ (water).
  2029 | D:3      | Noticed a water moccasin
  2044 | D:3      | HP: 4/28 [water moccasin (5)]
  2045 | D:3      | Killed a water moccasin
  2046 | D:3      | Reached skill level 6 in Ranged Weapons
  2046 | D:3      | Reached XP level 5. HP: 5/32 MP: 5/5
  2272 | D:3      | Reached XP level 6. HP: 37/37 MP: 6/6
  2712 | D:3      | 2712 ||| READING scroll labelled NESOPY OSUTI.
  2813 | D:3      | 2813 ||| DRINKING 2 glowing purple potions.
  2861 | D:4      | Found Boull's Weapon Shoppe.
  2866 | D:4      | 2866 ||| BUYING +0 arbalest (63 gold).
  2866 | D:4      | Bought a +0 arbalest for 63 gold pieces
  2866 | D:4      | 2866 ||| SWAPPING to +0 arbalest.
  2867 | D:4      | 2867 ||| DROPPING +1 shortbow.
  2931 | D:4      | Found a glowing silver altar of Zin.
  2932 | D:4      | Found a burning altar of Makhleb.
  2974 | D:4      | Noticed a balrug
  2976 | D:4      | Noticed an angel
  3028 | D:4      | Found Eluxip's Weapon Shoppe.
  3047 | D:4      | Found Imuan's Antique Armour Boutique.
  3056 | D:4      | 3056 ||| SHOPLISTING glowing ring mail (175 gold, have 61).
  3056 | D:4      | 3056 ||| SHOPLISTING helmet (112 gold, have 61).
  3056 | D:4      | 3056 ||| SHOPLISTING shiny ring mail (175 gold, have 61).
  3254 | D:4      | Identified the +1 sling of Lamnor {heavy, Will+ rCorr}
  3255 | D:4      | Found a runed translucent gate.
  3255 | D:4      | Noticed qw's ghost (amateur GrHu)
  3256 | D:4      | Found a runed translucent gate.
  3256 | D:4      | Noticed an orc warrior
  3287 | D:4      | Found a runed translucent gate.
  3290 | D:4      | Found Hoybb's Armour Boutique.
  3554 | D:4      | 3554 ||| UPGRADING to +2 leather armour of fire resistance.
  3564 | D:4      | 3564 ||| DROPPING +0 ring mail.
  3565 | D:4      | 3565 ||| UPGRADING to +6 ring of strength.
  3566 | D:4      | 3566 ||| UPGRADING to +5 ring of evasion.
  3568 | D:4      | 3568 ||| UPGRADING to ring of willpower.
  3570 | D:4      | 3570 ||| READING scroll labelled DUWOLU TAGE.
  3571 | D:4      | 3571 ||| READING scroll labelled LAILURPH JETREA.
  3572 | D:4      | 3572 ||| DRINKING 3 white potions.
  3573 | D:4      | 3573 ||| DROPPING 2 potions of brilliance.
  3595 | D:5      | Entered Level 5 of the Dungeon
  3618 | D:5      | You fall into a shaft and drop 2 floors!
  3649 | D:7      | 3649 ||| READING scroll labelled KENATW JIGE.
  3841 | D:5      | 3841 ||| READING scroll of enchant weapon.
  3841 | D:5      | 3841 ||| ENCHANTING +0 arbalest.
  3911 | D:5      | Noticed Pikel
  3912 | D:5      | 3912 ||| RETREATING.
  3922 | D:5      | 3922 ||| Stepping ~*~*~tactically~*~*~ (retreating).
  3923 | D:5      | 3923 ||| Stepping ~*~*~tactically~*~*~ (retreating).
  3924 | D:5      | 3924 ||| Stepping ~*~*~tactically~*~*~ (retreating).
  3925 | D:5      | 3925 ||| Stepping ~*~*~tactically~*~*~ (retreating).
  3926 | D:5      | 3926 ||| Stepping ~*~*~tactically~*~*~ (retreating).
  3927 | D:5      | 3927 ||| Stepping ~*~*~tactically~*~*~ (retreating).
  3929 | D:5      | 3929 ||| Stepping ~*~*~tactically~*~*~ (retreating).
  3930 | D:5      | 3930 ||| Stepping ~*~*~tactically~*~*~ (retreating).
  3931 | D:5      | 3931 ||| Stepping ~*~*~tactically~*~*~ (retreating).
  3932 | D:5      | 3932 ||| Stepping ~*~*~tactically~*~*~ (retreating).
  3943 | D:5      | Killed Pikel
  3944 | D:5      | Reached skill level 9 in Ranged Weapons
  3944 | D:5      | Reached XP level 7. HP: 42/43 MP: 7/7
  3944 | D:5      | Reached XP level 8. HP: 46/48 MP: 8/8
  4149 | D:5      | Found a sparkling altar of Nemelex Xobeh.
  4300 | D:5      | Found a hide-covered altar of Uskayaw.
  4300 | D:5      | Found a shadowy altar of Dithmenos.
  4317 | D:5      | Found a snail-covered altar of Cheibriados.
  4449 | D:5      | 4449 ||| UPGRADING to +0 helmet.
  4454 | D:5      | 4454 ||| DROPPING ring of flight.
  4522 | D:6      | Noticed Eustachio
  4528 | D:6      | 4528 ||| Stepping ~*~*~tactically~*~*~ (retreating).
  4538 | D:6      | Killed Eustachio
  4659 | D:6      | Noticed Prince Ribbit
  4674 | D:6      | Killed Prince Ribbit
  4675 | D:6      | Reached skill level 3 in Armour
  4742 | D:6      | Reached skill level 6 in Fighting
  4763 | D:6      | Noticed Maggie
  4772 | D:6      | Killed Maggie
  4773 | D:6      | Reached XP level 9. HP: 55/55 MP: 9/9
  4796 | D:6      | Reached skill level 10 in Ranged Weapons
  4994 | D:6      | 4994 ||| UPGRADING to +3 leather armour of willpower.
  5004 | D:6      | 5004 ||| READING scroll labelled QUUDU OHOUPT.
  5052 | D:7      | Found a transporter.
  5067 | D:7      | Reached skill level 3 in Dodging
  5104 | D:7      | Found a shimmering blue altar of Sif Muna.
  5197 | D:7      | Found a transporter.
  5239 | D:7      | Found a staircase to the Ecumenical Temple.
  5240 | D:7      | 5240 ||| PLANNING TEMPLE
  5240 | D:7      | 5240 ||| READING 2 scrolls of identify.
  5240 | D:7      | 5240 ||| IDENTIFYING yellow potion
  5241 | D:7      | 5241 ||| DROPPING potion of berserk rage.
  5252 | Temple   | Entered the Ecumenical Temple
  5253 | Temple   | 5253 ||| PLANNING OKAWARU WORSHIP
  5263 | Temple   | Became a worshipper of Warmaster Okawaru
  5264 | Temple   | 5264 ||| PLANNING D:1-11
  5300 | D:7      | 5300 ||| Stepping ~*~*~tactically~*~*~ (outnumbered).
  5306 | D:7      | 5306 ||| Stepping ~*~*~tactically~*~*~ (retreating).
  5690 | D:7      | Found a sacrificial altar of Ru.
  5709 | D:7      | Reached * piety under Okawaru
  5843 | D:7      | Reached skill level 1 in Invocations
  5850 | D:7      | 5850 ||| INVOKING Heroism.
  5866 | D:7      | 5866 ||| FLEEEEING.
  5867 | D:7      | 5867 ||| FLEEEEING.
  5868 | D:7      | 5868 ||| FLEEEEING.
  5869 | D:7      | 5869 ||| FLEEEEING.
  5870 | D:7      | 5870 ||| FLEEEEING.
  5924 | D:7      | 5924 ||| INVOKING Heroism.
  6258 | D:7      | Noticed qw's ghost (novice MiHs)
  6273 | D:7      | 6273 ||| DRINKING 2 fuming golden potions.
  6325 | D:8      | Reached skill level 11 in Ranged Weapons
  6492 | D:8      | Found a shimmering altar of Xom.
  6851 | D:8      | 6851 ||| DRINKING 2 fizzy golden potions.
  6878 | D:9      | Noticed a hornet
  6879 | D:9      | 6879 ||| STAIRDANCE
  6904 | D:9      | 6904 ||| STAIRDANCE
  6915 | D:8      | Killed a hornet
  6916 | D:8      | Reached skill level 3 in Invocations
  6916 | D:8      | Reached XP level 10. HP: 48/64 MP: 10/12
  6994 | D:9      | Found a staircase to the Orcish Mines.
  7112 | D:9      | 7112 ||| INVOKING Heroism.
  7138 | D:9      | 7138 ||| INVOKING Heroism.
  7143 | D:9      | 7143 ||| RETREATING.
  7152 | D:9      | 7152 ||| INVOKING Heroism.
  7162 | D:9      | HP: 12/64 [chaos spawn (6)]
  7163 | D:9      | 7163 ||| READING 3 scrolls of teleportation.
  7332 | D:9      | 7332 ||| INVOKING Heroism.
  7336 | D:9      | 7336 ||| FLEEEEING.
  7524 | D:9      | Found a shimmering altar of Xom.
  7527 | D:9      | Found the +7 mace of Variability {chaos, chaos arc}
  7568 | D:9      | Found a stormy altar of Qazlal.
  7933 | D:9      | Reached skill level 12 in Ranged Weapons
  8014 | D:9      | Found a staircase to the Lair.
  8215 | D:9      | 8215 ||| PLANNING LAIR
  8215 | D:9      | 8215 ||| DRINKING 2 clear potions.
  8216 | D:9      | 8216 ||| DRINKING 3 purple potions.
  8217 | D:9      | 8217 ||| READING 2 scrolls of identify.
  8217 | D:9      | 8217 ||| IDENTIFYING murky blue potion
  8244 | Lair:1   | Entered Level 1 of the Lair of Beasts
  8261 | Lair:1   | 8261 ||| INVOKING Heroism.
  8271 | Lair:1   | Reached ** piety under Okawaru
  8332 | Lair:1   | Noticed a black mamba
  8332 | Lair:1   | Noticed a black mamba
  8333 | Lair:1   | 8333 ||| RETREATING.
  8334 | Lair:1   | 8334 ||| INVOKING Heroism.
  8340 | Lair:1   | Killed a black mamba
  8382 | Lair:1   | 8382 ||| INVOKING Heroism.
  8388 | Lair:1   | Killed a black mamba
  8432 | Lair:1   | Noticed a cane toad
  8432 | Lair:1   | Noticed a boulder beetle
  8433 | Lair:1   | 8433 ||| RETREATING.
  8434 | Lair:1   | 8434 ||| INVOKING Heroism.
  8437 | Lair:1   | Killed a cane toad
  8477 | Lair:1   | 8477 ||| INVOKING Heroism.
  8484 | Lair:1   | Killed a boulder beetle
  8485 | Lair:1   | Reached skill level 13 in Ranged Weapons
  8507 | Lair:1   | 8507 ||| INVOKING Heroism.
  8509 | Lair:1   | 8509 ||| RETREATING.
  8515 | Lair:1   | Reached XP level 11. HP: 69/69 MP: 12/14
  8527 | Lair:1   | 8527 ||| INVOKING Heroism.
  8530 | Lair:1   | Reached skill level 9 in Fighting
  8533 | Lair:1   | Reached *** piety under Okawaru
  8604 | Lair:1   | 8604 ||| RETREATING.
  8639 | Lair:1   | Noticed Amaemon
  8640 | Lair:1   | 8640 ||| Stepping ~*~*~tactically~*~*~ (outnumbered).
  8642 | Lair:1   | 8642 ||| Stepping ~*~*~tactically~*~*~ (outnumbered).
  8644 | Lair:1   | 8644 ||| Stepping ~*~*~tactically~*~*~ (outnumbered).
  8646 | Lair:1   | 8646 ||| Stepping ~*~*~tactically~*~*~ (outnumbered).
  8648 | Lair:1   | 8648 ||| INVOKING Heroism.
  8656 | Lair:1   | Killed Amaemon
  8657 | Lair:1   | Reached skill level 14 in Ranged Weapons
  8844 | Lair:1   | 8844 ||| RETREATING.
  8847 | Lair:1   | 8847 ||| Stepping ~*~*~tactically~*~*~ (retreating).
  8848 | Lair:1   | 8848 ||| Stepping ~*~*~tactically~*~*~ (retreating).
  8916 | Lair:1   | 8916 ||| INVOKING Heroism.
  9158 | Lair:2   | 9158 ||| INVOKING Heroism.
  9188 | Lair:2   | 9188 ||| INVOKING Heroism.
  9239 | Lair:2   | Identified the +0 robe of Magic {Stlth+}
  9308 | Lair:2   | Noticed a spriggan rider
  9309 | Lair:2   | 9309 ||| INVOKING Heroism.
  9462 | Lair:2   | Received a gift from Okawaru
  9546 | Lair:2   | 9546 ||| INVOKING Heroism.
  9557 | Lair:2   | HP: 13/72 [merfolk/+0 trident (13)]
  9558 | Lair:2   | 9558 ||| READING 2 scrolls of teleportation.
  9559 | Lair:2   | 9559 ||| DRINKING 2 potions of heal wounds.
  9653 | Lair:2   | Found a staircase to the Shoals.
  9803 | Lair:2   | 9803 ||| INVOKING Heroism.
  9812 | Lair:2   | Received a gift from Okawaru
  9813 | Lair:2   | Reached skill level 15 in Ranged Weapons
  9838 | Lair:2   | 9838 ||| RETREATING.
  9968 | Lair:2   | Found a hole to the Spider Nest.
 10280 | Lair:2   | 10280 ||| DROPPING +0 robe of Magic {Stlth+}.
 10318 | Lair:3   | 10318 ||| RETREATING.
 10329 | Lair:3   | Reached **** piety under Okawaru
 10330 | Lair:3   | Reached XP level 12. HP: 62/77 MP: 15/15
 10333 | Lair:3   | 10333 ||| INVOKING Heroism.
 10351 | Lair:3   | 10351 ||| INVOKING Heroism.
 10352 | Lair:3   | 10352 ||| RETREATING.
 10364 | Lair:3   | 10364 ||| INVOKING Heroism.
 10395 | Lair:3   | 10395 ||| FLEEEEING.
 10399 | Lair:3   | 10399 ||| STAIRDANCE
 10485 | Lair:3   | 10485 ||| INVOKING Heroism.
 10512 | Lair:3   | 10512 ||| Stepping ~*~*~tactically~*~*~ (outnumbered).
 10536 | Lair:3   | 10536 ||| INVOKING Heroism.
 10694 | Lair:3   | 10694 ||| INVOKING Heroism.
 10859 | Lair:3   | 10859 ||| INVOKING Heroism.
 10955 | Lair:3   | 10955 ||| INVOKING Heroism.
 10960 | Lair:3   | Reached skill level 16 in Ranged Weapons
 10982 | Lair:3   | 10982 ||| RETREATING.
 10984 | Lair:3   | 10984 ||| INVOKING Heroism.
 11028 | Lair:3   | 11028 ||| RETREATING.
 11031 | Lair:3   | 11031 ||| INVOKING Heroism.
 11035 | Lair:3   | 11035 ||| Stepping ~*~*~tactically~*~*~ (retreating).
 11036 | Lair:3   | 11036 ||| Stepping ~*~*~tactically~*~*~ (retreating).
 11037 | Lair:3   | 11037 ||| Stepping ~*~*~tactically~*~*~ (retreating).
 11038 | Lair:3   | 11038 ||| Stepping ~*~*~tactically~*~*~ (retreating).
 11050 | Lair:3   | 11050 ||| INVOKING Heroism.
 11137 | Lair:3   | 11137 ||| READING scroll of enchant weapon.
 11137 | Lair:3   | 11137 ||| ENCHANTING +1 arbalest.
 11152 | Lair:3   | 11152 ||| INVOKING Heroism.
 11177 | Lair:3   | 11177 ||| INVOKING Heroism.
 11408 | Lair:3   | 11408 ||| Stepping ~*~*~tactically~*~*~ (retreating).
 11409 | Lair:3   | 11409 ||| Stepping ~*~*~tactically~*~*~ (retreating).
 11475 | Lair:3   | 11475 ||| INVOKING Heroism.
 11484 | Lair:3   | Reached skill level 6 in Invocations
 11831 | Lair:4   | 11831 ||| INVOKING Heroism.
 11833 | Lair:4   | 11833 ||| STAIRDANCE
 11849 | Lair:4   | Noticed a boulder beetle
 11850 | Lair:4   | 11850 ||| STAIRDANCE
 11857 | Lair:3   | 11857 ||| INVOKING Heroism.
 11891 | Lair:4   | 11891 ||| INVOKING Heroism.
 11904 | Lair:4   | Killed a boulder beetle
 11987 | Lair:4   | Noticed a seven-headed hydra
 11988 | Lair:4   | 11988 ||| INVOKING Heroism.
 11990 | Lair:4   | 11990 ||| RETREATING.
 11994 | Lair:4   | Killed a seven-headed hydra
 12076 | Lair:4   | 12076 ||| RETREATING.
 12079 | Lair:4   | Received a gift from Okawaru
 12095 | Lair:4   | Reached XP level 13. HP: 84/84 MP: 17/17
 12173 | Lair:4   | 12173 ||| Stepping ~*~*~tactically~*~*~ (retreating).
 12174 | Lair:4   | 12174 ||| Stepping ~*~*~tactically~*~*~ (retreating).
 12182 | Lair:4   | 12182 ||| INVOKING Heroism.
 12407 | Lair:4   | 12407 ||| Stepping ~*~*~tactically~*~*~ (retreating).
 12408 | Lair:4   | 12408 ||| Stepping ~*~*~tactically~*~*~ (retreating).
 12409 | Lair:4   | 12409 ||| Stepping ~*~*~tactically~*~*~ (retreating).
 12410 | Lair:4   | 12410 ||| Stepping ~*~*~tactically~*~*~ (retreating).
 12411 | Lair:4   | 12411 ||| Stepping ~*~*~tactically~*~*~ (retreating).
 12416 | Lair:4   | Reached skill level 17 in Ranged Weapons
 12524 | Lair:4   | 12524 ||| FLEEEEING.
 12525 | Lair:4   | 12525 ||| FLEEEEING.
 12526 | Lair:4   | 12526 ||| FLEEEEING.
 12527 | Lair:4   | 12527 ||| FLEEEEING.
 12528 | Lair:4   | 12528 ||| FLEEEEING.
 12529 | Lair:4   | 12529 ||| INVOKING Heroism.
 12717 | Lair:4   | Reached skill level 6 in Dodging
 12720 | Lair:4   | 12720 ||| RETREATING.
 12752 | Lair:4   | Reached ***** piety under Okawaru
 13001 | Lair:4   | 13001 ||| UPGRADING to +1 cloak.
 13011 | Lair:4   | 13011 ||| DROPPING +0 cloak.
 13012 | Lair:4   | 13012 ||| UPGRADING to amulet of reflection.
 13017 | Lair:4   | 13017 ||| READING 2 scrolls of identify.
 13017 | Lair:4   | 13017 ||| IDENTIFYING grey potion
 13042 | Lair:5   | Entered Level 5 of the Lair of Beasts
 13043 | Lair:5   | 13043 ||| INVOKING Heroism.
 13045 | Lair:5   | 13045 ||| STAIRDANCE
 13057 | Lair:5   | 13057 ||| INVOKING Heroism.
 13059 | Lair:5   | 13059 ||| STAIRDANCE
 13071 | Lair:5   | 13071 ||| STAIRDANCE
 13073 | Lair:4   | 13073 ||| Stepping ~*~*~tactically~*~*~ (retreating).
 13074 | Lair:4   | 13074 ||| Stepping ~*~*~tactically~*~*~ (retreating).
 13075 | Lair:4   | 13075 ||| Stepping ~*~*~tactically~*~*~ (retreating).
 13088 | Lair:4   | Reached skill level 9 in Invocations
 13211 | Lair:5   | 13211 ||| STAIRDANCE
 13213 | Lair:4   | 13213 ||| INVOKING Heroism.
 13214 | Lair:4   | 13214 ||| INVOKING Finesse.
 13331 | Lair:5   | 13331 ||| STAIRDANCE
 13333 | Lair:4   | 13333 ||| INVOKING Heroism.
 13423 | Lair:5   | 13423 ||| STAIRDANCE
 13425 | Lair:4   | 13425 ||| Stepping ~*~*~tactically~*~*~ (retreating).
 13426 | Lair:4   | 13426 ||| Stepping ~*~*~tactically~*~*~ (retreating).
 13427 | Lair:4   | 13427 ||| Stepping ~*~*~tactically~*~*~ (retreating).
 13428 | Lair:4   | 13428 ||| INVOKING Heroism.
 13457 | Lair:5   | 13457 ||| STAIRDANCE
 13494 | Lair:5   | 13494 ||| INVOKING Heroism.
 13534 | Lair:5   | 13534 ||| RETREATING.
 13540 | Lair:5   | 13540 ||| INVOKING Heroism.
 13542 | Lair:5   | 13542 ||| Stepping ~*~*~tactically~*~*~ (retreating).
 13543 | Lair:5   | 13543 ||| Stepping ~*~*~tactically~*~*~ (retreating).
 13544 | Lair:5   | 13544 ||| Stepping ~*~*~tactically~*~*~ (retreating).
 13591 | Lair:5   | Found a staircase to the Slime Pits.
 13615 | Lair:5   | 13615 ||| Stepping ~*~*~tactically~*~*~ (retreating).
 13616 | Lair:5   | 13616 ||| Stepping ~*~*~tactically~*~*~ (retreating).
 13617 | Lair:5   | 13617 ||| Stepping ~*~*~tactically~*~*~ (retreating).
 13621 | Lair:5   | 13621 ||| RETREATING.
 13666 | Lair:5   | 13666 ||| READING scroll of enchant armour.
 13666 | Lair:5   | 13666 ||| ENCHANTING +0 pair of gloves.
 13683 | Lair:5   | 13683 ||| RETREATING.
 13695 | Lair:5   | 13695 ||| Stepping ~*~*~tactically~*~*~ (retreating).
 13696 | Lair:5   | 13696 ||| Stepping ~*~*~tactically~*~*~ (retreating).
 13697 | Lair:5   | 13697 ||| Stepping ~*~*~tactically~*~*~ (retreating).
 13698 | Lair:5   | 13698 ||| Stepping ~*~*~tactically~*~*~ (retreating).
 13699 | Lair:5   | 13699 ||| Stepping ~*~*~tactically~*~*~ (retreating).
 13709 | Lair:5   | 13709 ||| INVOKING Heroism.
 13716 | Lair:5   | HP: 19/84 [snapping turtle (shapeshifter) (14)]
 13716 | Lair:5   | Slain by a large abomination

Levels and vault maps discovered:
D:1:      elethiomel_arrival_quiet, layout_basic, minmay_small_reverse_x
D:2:      layout_basic, basic_altar
D:3:      layout_basic, guppyfry_early_lair_pool
D:4:      layout_gridville, grunt_temple_overflow_order_and_chaos_2,
          serial_shops, shop, nicolae_shop_tiny_statue_garden,
          nicolae_shop_tiny_statue_garden, kennysheep_mini_moat,
          biasface_ghost_orc_armoury
D:5:      layout_gridville, gammafunk_temple_overflow_claw, kennysheep_mini,
          uniq_pikel
D:6:      layout_basic, uniq_prince_ribbit1, uniq_maggie, uniq_eustachio
D:7:      layout_layer_cave, mainiacjoe_overflow_catwalk,
          nicolae_sif_muna_condensation, minmay_temple_entry_overgrown,
          gammafunk_ghost_stat_death, st_stairs_13
D:8:      layout_loops_ring, old_standard_altar, kennysheep_generic_room_14
D:9:      layout_cave_pods, mainiacjoe_overflow_boulevard, lair_entry_dummy,
          david_orc_2, minmay_misc_feat_encased, hangedman_abyss_or_decor_slice,
          minmay_guarded_unrand_variability
Temple:   nicolae_temple_hex_pool
Lair:1:   layout_cave_shapes, infiniplex_staircase_pool_2, uniq_amaemon
Lair:2:   layout_cellular_growth, elwin_shoals_entry_stream,
          spider_nest_entry_web_field, minmay_holes,
          grunt_forest_large_clearings
Lair:3:   layout_loops_ring, nicolae_lair_lindhole, lemuel_fruit_fields,
          grunt_megastairs_5
Lair:4:   layout_cave_shapes
Lair:5:   hellmonk_lair_end_abyssal_woods, layout_loops_ring, slime_entry_1

Skill      XL: |  1  2  3  4  5  6  7  8  9 10 11 12 13 |
---------------+----------------------------------------+-----
Ranged Weapons | 5 6 9 11 13 15 16 17 | 17.6
Armour         | 1 3 4 |  4.2
Fighting       | 3 4 6 8 10 11 | 11.0
Dodging        | 2 3 4 5 6 |  6.0
Invocations    | 3 4 6 10 | 10.0
Stealth        | |  1.1

Action                     |  1- 3 |  4- 6 |  7- 9 | 10-12 | 13-15 || total
---------------------------+-------+-------+-------+-------+-------++-------
   Fire: Shortbow          |    91 |   110 |       |       |       ||   201
         Arbalest          |       |    52 |   219 |   611 |   318 ||  1200
 Invoke: Heroism           |       |       |     2 |    36 |    10 ||    48
         Finesse           |       |       |       |       |     1 ||     1
    Use: Scroll            |     4 |     9 |     2 |     4 |     2 ||    21
         Potion            |       |     4 |     2 |     3 |       ||     9
 Armour: Leather armour    |    30 |    13 |    58 |   215 |   128 ||   444
         Ring mail         |     7 |    48 |       |       |       ||    55
  Dodge: Dodged            |    33 |    53 |   162 |   448 |   234 ||   930
  Block: Other             |       |       |       |       |    49 ||    49

Table legend:
 A = Non-vault XP
 B = Vault XP
 C = Vault XP percentage of total XP
 D = Non-vault monster count
 E = Vault monster count
 F = Vault count percentage of total count
                 A         B        C        D         E       F
            +---------+---------+-------+---------+---------+-------
      Total |   41918 |    7664 |  15.5 |     291 |      34 |  10.5
            +---------+---------+-------+---------+---------+-------
        D:1 |      35 |       8 |  18.6 |      13 |       4 |  23.5
        D:2 |      63 |       0 |   0.0 |      15 |       0 |   0.0
        D:3 |     260 |       0 |   0.0 |      22 |       0 |   0.0
        D:4 |     120 |       0 |   0.0 |      16 |       0 |   0.0
        D:5 |     220 |     685 |  75.7 |      10 |       1 |   9.1
        D:6 |     364 |     874 |  70.6 |       8 |       3 |  27.3
        D:7 |    1115 |      91 |   7.5 |      22 |       1 |   4.3
        D:8 |     988 |       6 |   0.6 |      21 |       2 |   8.7
        D:9 |     980 |     383 |  28.1 |      17 |       7 |  29.2
     Lair:1 |    6231 |    1189 |  16.0 |      27 |       2 |   6.9
     Lair:2 |    3320 |    1106 |  25.0 |      14 |       4 |  22.2
     Lair:3 |    8390 |    2771 |  24.8 |      36 |       7 |  16.3
     Lair:4 |   16252 |     474 |   2.8 |      52 |       1 |   1.9
     Lair:5 |    3580 |      77 |   2.1 |      18 |       2 |  10.0
            +---------+---------+-------+---------+---------+-------
